 Dungeon Crawl Stone Soup version 0.29.0-4-gdea44cf6ec (webtiles) character file.

Game seed: 12314081413755242294

110 qw the Sneak (level 4, -3/28 HPs)
             Began as a Gargoyle Delver on Sept 10, 2022.
             Slain by an orc
             ... wielding a +0 trident
              (4 damage)
             ... on level 3 of the Dungeon.
             The game lasted 00:01:06 (3168 turns).

qw the Sneak (Gargoyle Delver)                      Turns: 3168, Time: 00:01:07

Health: -3/28      AC:  8    Str: 20    XL:     4   Next: 91%
Magic:  4/4        EV: 11    Int: 10    God:
Gold:   96         SH:  0    Dex: 16    Spells: 3/3 levels left

rFire   + . .      SeeInvis +   Y - +0 hand axe
rCold   . . .      Faith    .   (no shield)
rNeg    + . .      Spirit   .   a - +0 ring mail
rPois   inf        Reflect  .   (no helmet)
rElec   +          Harm     .   (no cloak)
rCorr   .          Rampage  .   (no gloves)
Will    .....                   (no boots)
Stlth   ++........              l - amulet of Jupsekk {Acrobat rF+ Str+2 Dex+5}
HPRegen 0.09/turn               e - ring of see invisible
MPRegen 0.09/turn               (no ring)

@: no status effects
A: sickness immunity, AC +3, negative energy resistance 1, electricity
resistance, torment resistance 1, petrification resistance
a: no special abilities


You were on level 3 of the Dungeon.
You visited 1 branch of the dungeon, and saw 5 of its levels.

You collected 96 gold pieces.


Innate Abilities, Weirdness & Mutations

You are immune to sickness and miasma.
Your stone body is resilient. (AC +3)
You are immune to poison.
You resist negative energy. (rN+)
You are resistant to electric shocks. (rElec)
You are resistant to unholy torment.
You are immune to petrification.


   Skills:
 - Level 3.2 Fighting
 + Level 4.3 Axes
 - Level 1.0 Armour
 - Level 1.5 Dodging
 - Level 5.4 Stealth


You had 3 spell levels left.
You didn't know any spells.
Your spell library was empty.

Inventory:

Hand Weapons
 d - a +0 whip
 Y - a +0 hand axe (weapon)
Armour
 a - a +0 ring mail (worn)
Jewellery
 e - a ring of see invisible (left hand)
 l - the amulet of Jupsekk (around neck) {Acrobat rF+ Str+2 Dex+5}
   (You found it on level 2 of the Dungeon)

   [amulet of the acrobat]

   It increases your evasion while moving and waiting.
   Str:       It affects your strength (+2).
   Dex:       It affects your dexterity (+5).
   rF:        It protects you from fire.
Wands
 g - a wand of digging (3)
Scrolls
 j - a scroll of identify
Potions
 f - a potion of haste
 h - a potion of lignification {unknown}
 i - a potion of attraction {unknown}
 k - a potion of brilliance {unknown}
 m - a potion of flight {unknown}

Dungeon Overview and Level Annotations

Branches:
Dungeon (5/15)
 Temple: D:4-7

Altars:


Message History

The orc wizard barely misses you.
The orc wizard hits you but does no damage.
The orc barely misses you.
You hit the orc wizard.
The orc wizard is almost dead.
You hit the orc wizard but do no damage.
The orc wizard misses you.
The orc wizard hits you but does no damage.
The orc closely misses you.
The orc wizard hits you but does no damage.
You hit the orc wizard.
You kill the orc wizard!
You barely miss the orc wizard.
The orc wizard hits you but does no damage.
The orc closely misses you.
You slash the orc wizard!
The orc wizard is severely wounded.
The orc wizard completely misses you.
The orc hits you from afar with a +0 trident.
You closely miss the orc wizard.
The orc wizard is severely wounded.
The orc wizard mumbles some strange words.
The orc wizard flickers and vanishes for a moment.
The orc barely misses you.
You hit the orc wizard.
The orc wizard is almost dead.
The orc wizard gestures at you while chanting.
The puff of flame hits you. You resist.
The orc hits you from afar with a +0 trident.
You closely miss the orc wizard.
The orc wizard is almost dead.
The orc wizard hits you with a +0 dagger.
The orc closely misses you. The ball python bites you.
The ball python closely misses you.
You closely miss the orc wizard.
The orc wizard is almost dead.
You hit the ball python.
You kill the ball python!
The orc hits you from afar with a +0 trident.
You die...

.. #######
... #.....#
..##.....#
........#
#......#
###.....#
#?......#
#.)<..#
#.@...#
...?..
#%o...#
.......
#o....#
......
....###
.....
..?...
....#
........
....#
.........
....##
..........#
...<%#


You could see an orc wizard (invisible) and an orc.

Vanquished Creatures
  An orc wizard (D:3)
  2 adders (D:2)
  A worm (D:2)
  2 dart slugs
  5 orcs (D:2)
  5 endoplasms
  A giant cockroach (D:3)
  9 goblins
  6 hobgoblins
  5 kobolds
  A quokka (D:1)
  5 ball pythons
  3 bats (D:1)
  4 frilled lizards
  A rat (D:1)
51 creatures vanquished.

Notes
Turn   | Place    | Note
-------+----------+-------------------------------------------
     0 | D:5      | qw the Gargoyle Delver began the quest for the Orb.
     0 | D:5      | Reached XP level 1. HP: 14/14 MP: 1/1
     0 | D:5      | 0 ||| qw: Version: 0.1-a-116-g5d60599
     0 | D:5      | 0 ||| qw: Game counter: 8967
     0 | D:5      | 0 ||| qw: Always use a shield: true
     0 | D:5      | 0 ||| qw: God list: Okawaru
     0 | D:5      | 0 ||| qw: Allow faded altars: false
     0 | D:5      | 0 ||| qw: Do Orc after D:15 true
     0 | D:5      | 0 ||| qw: Do second Lair branch before Depths: true
     0 | D:5      | 0 ||| qw: Lair rune preference: random
     0 | D:5      | 0 ||| qw: Plans: Normal
     0 | D:5      | 0 ||| PLANNING D:1-11
     0 | D:5      | 0 ||| DROPPING scroll of fog.
     1 | D:5      | 1 ||| DROPPING scroll of magic mapping.
     2 | D:5      | 2 ||| DROPPING scroll of fear.
    76 | D:4      | 76 ||| Stepping ~*~*~tactically~*~*~ (stealth).
   227 | D:3      | Reached XP level 2. HP: 8/19 MP: 2/2
   434 | D:3      | 434 ||| DROPPING scarf of harm.
   435 | D:3      | 435 ||| READING scroll labelled CODWY OJIOSU.
   458 | D:3      | 458 ||| STAIRDANCE
   522 | D:2      | Found a faded altar of an unknown god.
   611 | D:2      | 611 ||| UPGRADING to +0 ring mail.
   621 | D:2      | 621 ||| DROPPING +0 leather armour.
   812 | D:1      | Reached skill level 3 in Axes
   830 | D:1      | Reached XP level 3. HP: 12/23 MP: 3/3
  1837 | D:1      | 1837 ||| READING scroll labelled SEH IDIKHUM.
  1842 | D:1      | 1842 ||| READING 3 scrolls labelled DAIRO AMANT.
  1843 | D:1      | 1843 ||| READING 2 scrolls of identify.
  1843 | D:1      | 1843 ||| IDENTIFYING ruby potion
  1927 | D:2      | Identified the amulet of Jupsekk {Acrobat rF+ Str+2 Dex+5}
  2479 | D:2      | Reached XP level 4. HP: 19/28 MP: 4/4
  2705 | D:2      | 2705 ||| Stepping ~*~*~tactically~*~*~ (hiding).
  2757 | D:2      | 2757 ||| UPGRADING to amulet of Jupsekk {Acrobat rF+ Str+2
                  | Dex+5}.
  2762 | D:2      | 2762 ||| UPGRADING to ring of see invisible.
  2763 | D:2      | 2763 ||| READING 2 scrolls of identify.
  2763 | D:2      | 2763 ||| IDENTIFYING fuming pink potion
  2764 | D:2      | 2764 ||| DROPPING potion of berserk rage.
  2791 | D:2      | 2791 ||| Stepping ~*~*~tactically~*~*~ (stealth).
  2793 | D:2      | 2793 ||| Stepping ~*~*~tactically~*~*~ (hiding).
  2906 | D:3      | 2906 ||| STAIRDANCE
  2959 | D:3      | 2959 ||| STAIRDANCE
  2966 | D:2      | Reached skill level 1 in Armour
  3035 | D:3      | 3035 ||| STAIRDANCE
  3151 | D:3      | 3151 ||| DRINKING 3 potions of curing.
  3151 | D:3      | 3151 ||| (to cure confusion)
  3158 | D:3      | 3158 ||| DRINKING 2 potions of curing.
  3158 | D:3      | 3158 ||| (to cure confusion)
  3161 | D:3      | 3161 ||| DRINKING potion of curing.
  3161 | D:3      | 3161 ||| (to cure confusion)
  3166 | D:3      | HP: 4/28 [orc/+0 trident (6)]
  3167 | D:3      | HP: 1/28 [ball python (2)]
  3168 | D:3      | Slain by an orc

Levels and vault maps discovered:
D:1:      psy_arrival_spokes, layout_basic, st_stairs_12
D:2:      layout_basic, hellmonk_ecumenical_altar_pennies_from_heaven,
          minmay_goblin_outpost
D:3:      layout_rooms
D:4:      layout_gridville, grunt_nemelex_the_gamble, makhleb_altar_promises_db
D:5:      layout_basic, mainiacjoe_overflow_concentric_impassable,
          nicolae_ossuary_entry_false_entrances

Skill      XL: |  1  2  3  4 |
---------------+-------------+-----
Axes           | 2 3 4 |  4.3
Armour         | 1 |  1.0
Fighting       | |  3.2
Dodging        | |  1.5
Stealth        | |  5.4

Action                   |  1- 3 |  4- 6 || total
-------------------------+-------+-------++-------
Melee: Hand axe          |   127 |    64 ||   191
       Punch             |     2 |     1 ||     3
  Use: Scroll            |     4 |     1 ||     5
       Potion            |       |     3 ||     3
 Stab: Sleeping          |     4 |       ||     4
Armor: Leather armour    |     9 |       ||     9
       Ring mail         |    49 |    41 ||    90
Dodge: Dodged            |    71 |    39 ||   110

Table legend:
 A = Non-vault XP
 B = Vault XP
 C = Vault XP percentage of total XP
 D = Non-vault monster count
 E = Vault monster count
 F = Vault count percentage of total count
                 A         B        C        D         E       F
            +---------+---------+-------+---------+---------+-------
      Total |     142 |      17 |  10.7 |      42 |       9 |  17.6
            +---------+---------+-------+---------+---------+-------
        D:1 |      34 |       1 |   2.9 |      19 |       1 |   5.0
        D:2 |      57 |      16 |  21.9 |      13 |       8 |  38.1
        D:3 |      49 |       0 |   0.0 |       9 |       0 |   0.0
        D:4 |       2 |       0 |   0.0 |       1 |       0 |   0.0
            +---------+---------+-------+---------+---------+-------
